Workbook

Sheet 铝成本
A1: 成本核算表
A2: 订单编号： | B2: 成本核算鲁铭85系列1.8壁厚 | K2: 开启扇面积： | L2: 0.78
A3: 下单日期： | C3: 核算日期： | D3: 46083 | E3: 销售价格： | G3: 门窗系列： | H3: 85 | K3: 开启扇周长： | L3: 4
A4: 门窗数量(樘)： | B4: 1 | C4: 总面积(㎡)： | D4: 2.56 | E4: 平均面积(㎡)： | F4: =D4/B4 -> 2.56 | G4: 开启率： | H4: =L2/铝成本!D4 -> 0.3046875 | K4: 玻璃周长：
K5: 玻璃块数： | L5: 3
A6: 订单毛利 | D6: 成本汇总 | K6: 安装费： | L6: 60
A7: 当前毛利： | B7: =F3/E7 -> 0 | D7: 成本合计： | E7: =SUM(G7:H15) -> 1350.9694 | F7: 铝型材成本： | G7: =H24 -> 582.45168 | K7: 1.4壁厚人工费： | L7: 35
A8: 10%毛利： | B8: =$E$7*1.1 -> 1486.0664 | D8: 每平方成本： | E8: =E7/D4 -> 527.72243 | F8: 型材辅件成本： | G8: =H33 -> 13.020744 | K8: 1.8壁厚人工费： | L8: 55
A9: 20%毛利： | B9: =$E$7*1.2 -> 1621.1633 | D9: 固定成本： | E9: =(H19+H20+H22+H28+H31+H32+H38+H51+(L8*D4)+H39)/E11 -> 444.00582 | F9: 隔热条成本： | G9: =H41 -> 55.657
A10: 30%毛利： | B10: =$E$7*1.3 -> 1756.2603 | D10: 开启成本： | E10: =(H21+H23+H29+H30+H40+H45+H50+H59)/E12 -> 439.79367 | F10: 胶条成本： | G10: =H46 -> 33
A11: 40%毛利： | B11: =$E$7*1.4 -> 1891.3572 | D11: 固定面积： | E11: 1.78 | F11: 玻璃成本： | G11: =H51+H50 -> 253.44
A12: 50%毛利： | B12: =$E$7*1.5 -> 2026.4541 | D12: 开启面积： | E12: 0.78 | F12: 辅材成本： | G12: =H55 -> 0
A13: 60%毛利： | B13: =$E$7*1.6 -> 2161.5511 | F13: 五金成本： | G13: =H60 -> 55
A14: 70%毛利： | B14: =$E$7*1.7 -> 2296.648 | F14: 人工安装制作成本： | G14: =D4*L6+D4*L7 -> 243.2
F15: 销售+其他成本： | G15: =45*D4 -> 115.2
A17: 铝型材成本
A18: 型材编号 | B18: 名称 | D18: 使用数量(m) | E18: 米重(kg/m) | F18: 总重量(kg) | G18: 单价(元/kg) | H18: 价格
A19: DY85P0101 | B19: 33框 | D19: 6.4 | E19: 1.388 | F19: =D19*E19 -> 8.8832 | G19: 26.66 | H19: =F19*G19 -> 236.82611
A20: DY85P0201 | B20: 33中挺 | D20: 2.2 | E20: 1.338 | F20: =D20*E20 -> 2.9436 | G20: 26.66 | H20: =F20*G20 -> 78.476376
A21: DY850301 | B21: 内开扇 | D21: 3.8 | E21: 1.423 | F21: =D21*E21 -> 5.4074 | G21: 26.66 | H21: =F21*G21 -> 144.16128
A22: JZ007C | B22: 30.2平齐压线 | D22: 7.6 | E22: 0.425 | F22: =D22*E22 -> 3.23 | G22: 26.66 | H22: =F22*G22 -> 86.1118
A23: YX002 | B23: 30.2压线 | D23: 3.8 | E23: 0.364 | F23: =D23*E23 -> 1.3832 | G23: 26.66 | H23: =F23*G23 -> 36.876112
A24: 合计： | H24: =SUM(H19:H23) -> 582.45168
A26: 型材辅件成本
A27: 型材编号 | B27: 名称 | D27: 使用数量(m) | E27: 米重(kg/m) | F27: 总重量(kg) | G27: 单价(元/kg) | H27: 价格
A28: 19.3 | B28: 框角码 | D28: 0.132 | E28: 1.631 | F28: =D28*E28 -> 0.215292 | G28: 26.66 | H28: =F28*G28 -> 5.7396847 | K28: 33 | L28: 4
B29: 扇角码大 | D29: 0.108 | E29: 1.631 | F29: =D29*E29 -> 0.176148 | G29: 26.66 | H29: =F29*G29 -> 4.6961057
B30: 扇角码小 | D30: 0.032 | E30: 0.5 | F30: =D30*E30 -> 0.016 | G30: 26.66 | H30: =F30*G30 -> 0.42656 | K30: =K28*L28 -> 132 | L30: =240-132 -> 108
A31: DCJMC04 | B31: 中挺连接件内 | D31: 0.044 | E31: 1.072 | F31: =D31*E31 -> 0.047168 | G31: 26.66 | H31: =F31*G31 -> 1.2574989 | K31: 0.132
A32: DCJMC03 | B32: 中挺连接件外 | D32: 0.044 | E32: 0.768 | F32: =D32*E32 -> 0.033792 | G32: 26.66 | H32: =F32*G32 -> 0.90089472 | K32: 27 | L32: 4
A33: 合计： | H33: =SUM(H28:H32) -> 13.020744
A35: 隔热条成本
A36: 隔热条编号 | B36: 使用数量/米 | G36: 单价 （元/米） | H36: 价格
B37: 框 | C37: 扇 | D37: 梃 | E37: 拼接 | F37: 合计(米)
A38: XQ-Q353-01 | B38: =D19*2 -> 12.8 | C38: =D21 -> 3.8 | F38: =B38+C38+D38+E38 -> 16.6 | G38: 2.42 | H38: =F38*G38 -> 40.172
A39: XQ-3534 | D39: =D20*2 -> 4.4 | F39: =B39+C39+D39+E39 -> 4.4 | G39: 1.14 | H39: =F39*G39 -> 5.016
A40: XQ-Q353-07 | C40: =D21 -> 3.8 | F40: =B40+C40+D40+E40 -> 3.8 | G40: 2.755 | H40: =F40*G40 -> 10.469
A41: 合计： | H41: =SUM(H38:H40) -> 55.657
A43: 胶条成本
A44: 胶条编号 | C44: 胶条名称 | F44: 使用米数 | G44: 单价(元/m) | H44: 价格 | S44: =R44/6 -> 0
C45: 挡水胶条 | F45: 1 | G45: 33 | H45: =F45*G45 -> 33
A46: 合计： | H46: =SUM(H45:H45) -> 33
A48: 玻璃成本
A49: 玻璃数量 | B49: 玻璃配置 | E49: 玻璃面积 | G49: 玻璃单价（㎡） | H49: 价格
A50: 1 | B50: 5+12+5+12+5（开启） | E50: 0.59 | G50: 99 | H50: =E50*G50 -> 58.41
A51: 2 | B51: 5+12+5+12+5（固定） | E51: 1.97 | G51: 99 | H51: =E51*G51 -> 195.03
A53: 辅材成本
A54: 编号 | C54: 名称 | E54: 规格 | F54: 使用数量 | G54: 单价 | H54: 价格
A55: 合计： | H55: 0
A57: 五金成本
A58: 五金厂家 | B58: 编号 | D58: 名称 | F58: 使用数量 | G58: 单价 | H58: 价格
A59: 德国吉鲁 | D59: 内开内倒五金(含执手） | F59: 1 | G59: 55 | H59: =F59*G59 -> 55
A60: 合计： | H60: =SUM(H59:H59) -> 55
A62: 制单： | C62: 核对： | E62: 审核： | G62: 批准：

Sheet 铝计算
A1: 型材优化单
A2: 型材编号 | B2: 描述 | C2: 窗型编 号 | D2: 切割长度 | E2: 数量 | F2: 合计数量(m) | H2: 窗号 | I2: 扇宽 | J2: 扇高 | K2: 数量 | L2: 开启面积 | M2: 开启周长 | O2: 窗号 | P2: 玻璃数量 | R2: 宽（mm） | S2: 高（mm） | T2: 数量 | U2: 玻璃面积 | V2: 单价(元/㎡) | W2: 价格 | X2: 周长
A3: MLSC701009内 | B3: 0拼条用做加宽料 | C3: C1.2 | D3: 2415 | E3: 1 | F3: =D3*E3/1000 -> 2.415 | H3: C1.1 | I3: 654 | J3: 1173 | K3: 1 | L3: =I3*J3*K3/1000000 -> 0.767142 | M3: =(I3+J3)*K3/1000 -> 1.827 | O3: C1.1 | P3: 外5GLOW-E+13AR+5GLOW-E+11AR+LOW-E5G内 | R3: 551 | S3: 1070 | T3: 1 | U3: 0.59 | V3: 391 | W3: 230.53 | X3: =(R3+S3)*2*T3/1000 -> 3.242
A4: MLSC701009外 | B4: 0拼条用做加宽料 | C4: C1.2 | D4: 2415 | E4: 1 | F4: =D4*E4/1000 -> 2.415 | H4: C1.2 | I4: 654 | J4: 1173 | K4: 1 | L4: =I4*J4*K4/1000000 -> 0.767142 | M4: =(I4+J4)*K4/1000 -> 1.827 | O4: C1.1 | P4: 外5G双银LOW-E+13AR+5G+11AR+(磨砂)5G内 | R4: 633 | S4: 518 | T4: 1 | U4: 0.33 | V4: 387 | W4: 126.9 | X4: =(R4+S4)*2*T4/1000 -> 2.302
A5: MLSC761001 | B5: 窗框 | C5: C4 | D5: 2935.87 | E5: 1 | F5: =D5*E5/1000 -> 2.93587 | H5: C3 | I5: 673 | J5: 1173 | K5: 1 | L5: =I5*J5*K5/1000000 -> 0.789429 | M5: =(I5+J5)*K5/1000 -> 1.846 | O5: C1.1 | P5: 外5G双银LOW-E+13AR+5G+11AR+(磨砂)5G内 | R5: 633 | S5: 563 | T5: 1 | U5: 0.36 | V5: 387 | W5: 137.93 | X5: =(R5+S5)*2*T5/1000 -> 2.392
A6: MLSC761001 | B6: 窗框 | C6: C2 | D6: 2925.254 | E6: 1 | F6: =D6*E6/1000 -> 2.925254 | H6: C3 | I6: 673 | J6: 1173 | K6: 1 | L6: =I6*J6*K6/1000000 -> 0.789429 | M6: =(I6+J6)*K6/1000 -> 1.846 | O6: C1.1 | P6: 外5G双银LOW-E+13AR+5G+11AR+(磨砂)5G内 | R6: 898 | S6: 518 | T6: 1 | U6: 0.47 | V6: 387 | W6: 180.03 | X6: =(R6+S6)*2*T6/1000 -> 2.832
A7: MLSC761001 | B7: 窗框 | C7: C3 | D7: 3350 | E7: 1 | F7: =D7*E7/1000 -> 3.35 | O7: C1.1 | P7: 外5G双银LOW-E+13AR+5G+11AR+(磨砂)5G内 | R7: 898 | S7: 1763 | T7: 1 | U7: 1.58 | V7: 387 | W7: 612.7 | X7: =(R7+S7)*2*T7/1000 -> 5.322
A8: MLSC761001 | B8: 窗框 | C8: C2 | D8: 2478.56 | E8: 1 | F8: =D8*E8/1000 -> 2.47856 | O8: C1.2 | P8: 外5GLOW-E+13AR+5GLOW-E+11AR+LOW-E5G内 | R8: 551 | S8: 1070 | T8: 1 | U8: 0.59 | V8: 391 | W8: 230.53 | X8: =(R8+S8)*2*T8/1000 -> 3.242
A9: MLSC761001 | B9: 窗框 | C9: C3 | D9: 3350 | E9: 1 | F9: =D9*E9/1000 -> 3.35 | O9: C1.2 | P9: 外5G双银LOW-E+13AR+5G+11AR+(磨砂)5G内 | R9: 633 | S9: 518 | T9: 1 | U9: 0.33 | V9: 387 | W9: 126.9 | X9: =(R9+S9)*2*T9/1000 -> 2.302
A10: MLSC761001 | B10: 窗框 | C10: C4 | D10: 2468.485 | E10: 1 | F10: =D10*E10/1000 -> 2.468485 | O10: C1.2 | P10: 外5G双银LOW-E+13AR+5G+11AR+(磨砂)5G内 | R10: 633 | S10: 563 | T10: 1 | U10: 0.36 | V10: 387 | W10: 137.93 | X10: =(R10+S10)*2*T10/1000 -> 2.392
A11: MLSC761001 | B11: 窗框 | C11: C3 | D11: 2415 | E11: 1 | F11: =D11*E11/1000 -> 2.415 | O11: C1.2 | P11: 外5G双银LOW-E+13AR+5G+11AR+(磨砂)5G内 | R11: 898 | S11: 518 | T11: 1 | U11: 0.47 | V11: 387 | W11: 180.03 | X11: =(R11+S11)*2*T11/1000 -> 2.832
A12: MLSC761001 | B12: 窗框 | C12: C1.2 | D12: 1665 | E12: 1 | F12: =D12*E12/1000 -> 1.665 | O12: C1.2 | P12: 外5G双银LOW-E+13AR+5G+11AR+(磨砂)5G内 | R12: 898 | S12: 1763 | T12: 1 | U12: 1.58 | V12: 387 | W12: 612.7 | X12: =(R12+S12)*2*T12/1000 -> 5.322
A13: MLSC761001 | B13: 窗框 | C13: C1.1 | D13: 1665 | E13: 1 | F13: =D13*E13/1000 -> 1.665 | O13: C2 | P13: 外5G双银LOW-E+13AR+5G+11AR+(磨砂)5G内 | R13: 873 | S13: 588 | T13: 1 | U13: 0.51 | V13: 387 | W13: 218.62 | X13: =(R13+S13)*2*T13/1000 -> 2.922
A14: MLSC761001 | B14: 窗框 | C14: C1.2 | D14: 2415 | E14: 1 | F14: =D14*E14/1000 -> 2.415 | O14: C2 | P14: 外5G双银LOW-E+13AR+5G+11AR+(磨砂)5G内 | R14: 873 | S14: 700 | T14: 1 | U14: 0.61 | V14: 387 | W14: 244.89 | X14: =(R14+S14)*2*T14/1000 -> 3.146
A15: MLSC761001 | B15: 窗框 | C15: C1.2 | D15: 1665 | E15: 1 | F15: =D15*E15/1000 -> 1.665 | O15: C2 | P15: 外5G双银LOW-E+13AR+5G+11AR+(磨砂)5G内 | R15: 873 | S15: 1763 | T15: 2 | U15: 3.08 | V15: 387 | W15: 1191.26 | X15: =(R15+S15)*2*T15/1000 -> 10.544
A16: MLSC761001 | B16: 窗框 | C16: C1.1 | D16: 1665 | E16: 1 | F16: =D16*E16/1000 -> 1.665 | O16: C2 | P16: 外5G双银LOW-E+13AR+5G+11AR+(磨砂)5G内 | R16: 892 | S16: 645 | T16: 1 | U16: 0.58 | V16: 387 | W16: 260.26 | X16: =(R16+S16)*2*T16/1000 -> 3.074
A17: MLSC761001 | B17: 窗框 | C17: C4 | D17: 2830 | E17: 1 | F17: =D17*E17/1000 -> 2.83 | O17: C2 | P17: 外5G双银LOW-E+13AR+5G+11AR+(磨砂)5G内 | R17: 892 | S17: 1763 | T17: 1 | U17: 1.57 | V17: 387 | W17: 608.6 | X17: =(R17+S17)*2*T17/1000 -> 5.31
A18: MLSC761001 | B18: 窗框 | C18: C2 | D18: 2820 | E18: 1 | F18: =D18*E18/1000 -> 2.82 | O18: C3 | P18: 外5GLOW-E+13AR+5GLOW-E+11AR+LOW-E5G内 | R18: 570 | S18: 1070 | T18: 2 | U18: 1.22 | V18: 391 | W18: 476.94 | X18: =(R18+S18)*2*T18/1000 -> 6.56
... A29: MLSC761002 | B29: 窗梃 | C29: C4 | D29: 2466.622 | E29: 1 | F29: =D29*E29/1000 -> 2.466622 | O29: C4 | P29: 外5G双银LOW-E+13AR+5G+11AR+(磨砂)5G内 | R29: 896 | S29: 1763 | T29: 1 | U29: 1.58 | V29: 387 | W29: 611.31 | X29: =(R29+S29)*2*T29/1000 -> 5.318
A30: MLSC761002 | B30: 窗梃 | C30: C1.2 | D30: 918 | E30: 1 | F30: =D30*E30/1000 -> 0.918
A31: MLSC761002 | B31: 窗梃 | C31: C3 | D31: 2349 | E31: 2 | F31: =D31*E31/1000 -> 4.698
A32: MLSC761002 | B32: 窗梃 | C32: C3 | D32: 1203 | E32: 1 | F32: =D32*E32/1000 -> 1.203
A33: MLSC761002 | B33: 窗梃 | C33: C3 | D33: 2349 | E33: 1 | F33: =D33*E33/1000 -> 2.349
A34: MLSC761002 | B34: 窗梃 | C34: C1.2 | D34: 2349 | E34: 1 | F34: =D34*E34/1000 -> 2.349
A35: MLSC761002 | B35: 窗梃 | C35: C1.1 | D35: 918 | E35: 1 | F35: =D35*E35/1000 -> 0.918
A36: MLSC761002 | B36: 窗梃 | C36: C1.1 | D36: 2349 | E36: 1 | F36: =D36*E36/1000 -> 2.349
A37: MLSC761002 | B37: 窗梃 | C37: C4 | D37: 916 | E37: 1 | F37: =D37*E37/1000 -> 0.916
A38: MLSC761002 | B38: 窗梃 | C38: C2 | D38: 912 | E38: 1 | F38: =D38*E38/1000 -> 0.912
A39: MLSC761002 | B39: 窗梃 | C39: C4 | D39: 896 | E39: 1 | F39: =D39*E39/1000 -> 0.896
A40: MLSC761002 | B40: 窗梃 | C40: C3 | D40: 672 | E40: 1 | F40: =D40*E40/1000 -> 0.672
A41: MLSC761002 | B41: 窗梃 | C41: C4 | D41: 896 | E41: 1 | F41: =D41*E41/1000 -> 0.896
... A123: 76-100 | B123: 76-100加高料 | C123: C1.1 | D123: 2415 | E123: 1 | F123: =D123*E123/1000 -> 2.415
F124: =D124*E124/1000 -> 0
F125: =D125*E125/1000 -> 0
F126: =D126*E126/1000 -> 0
F127: =D127*E127/1000 -> 0
F128: =D128*E128/1000 -> 0
F129: =D129*E129/1000 -> 0
F130: =D130*E130/1000 -> 0
F131: =D131*E131/1000 -> 0
F132: =D132*E132/1000 -> 0
F133: =D133*E133/1000 -> 0
F134: =D134*E134/1000 -> 0
F135: =D135*E135/1000 -> 0
... F1001: =D1001*E1001/1000 -> 0

Sheet 木成本
A1: 成本核算表
A2: 订单编号： | B2: SD-M-23004377-西安
A3: 下单日期： | B3: 45194 | C3: 核算日期： | D3: 45235 | E3: 销售价格： | F3: 124107 | G3: 门窗系列： | H3: 112
A4: 门窗数量(樘)： | B4: 15 | C4: 总面积(㎡)： | D4: 62.91 | E4: 平均面积(㎡)： | F4: =D4/B4 -> 4.194 | G4: 开启率： | H4: 0.15
A6: 订单毛利 | D6: 成本汇总
A7: 当前毛利： | B7: =E7/F3 -> 0.23820853 | D7: 成本合计： | E7: =SUM(G7:H13) -> 29563.346 | F7: 木材成本： | G7: =H24+H24*0.03 -> 7497.6872
A8: 10%毛利： | B8: =$E$7/0.9-E7 -> 3284.8162 | D8: 每平方成本： | E8: =E7/D4 -> 469.93079 | F8: 铝型材成本： | G8: =H35 -> 3845.9505
A9: 20%毛利： | B9: =$E$7/0.8-$E$7 -> 7390.8364 | F9: 胶条成本： | G9: =H51+H51*0.03 -> 1554.7184
A10: 30%毛利： | B10: =$E$7/0.7-$E$7 -> 12670.005 | F10: 玻璃成本： | G10: =H55+H55*0.03 -> 6963.0678
A11: 40%毛利： | B11: =$E$7/0.6-$E$7 -> 19708.897 | F11: 辅材成本： | G11: =H72+H72*0.03 -> 1823.3488
A12: 50%毛利： | B12: =$E$7/0.5-$E$7 -> 29563.346 | F12: 五金成本： | G12: =H77+H77*0.03 -> 3990.735
A13: 60%毛利： | B13: =$E$7/0.4-$E$7 -> 44345.019 | F13: 人工成本： | G13: =D4*60+(D4*60*0.03) -> 3887.838
A14: 70%毛利： | B14: =$E$7/0.3-$E$7 -> 68981.14
A16: 木材成本
A17: 木材规格 | D17: 名称 | E17: 总长度/m | F17: 立方数 | G17: 单价(元/m³) | H17: 价格
A19: 51 | B19: 89 | D19: 窗框 | E19: 45 | F19: =A19*B19*E19/1000000 -> 0.204255 | G19: 10800 | H19: =F19*G19 -> 2205.954
A20: 77 | B20: 89 | D20: 窗下框 | E20: 15 | F20: =A20*B20*E20/1000000 -> 0.102795 | G20: 10800 | H20: =F20*G20 -> 1110.186
A21: 44 | B21: 72 | D21: 68中梃 | E21: 9 | F21: =A21*B21*E21/1000000 -> 0.028512 | G21: 10800 | H21: =F21*G21 -> 307.9296
A22: 74 | B22: 72 | D22: 开启扇 | E22: 36 | F22: =A22*B22*E22/1000000 -> 0.191808 | G22: 10800 | H22: =F22*G22 -> 2071.5264
A23: 52 | B23: 47 | D23: 压线 | E23: 60 | F23: =A23*B23*E23/1000000 -> 0.14664 | G23: 10800 | H23: =F23*G23 -> 1583.712
A24: 合计： | H24: =SUM(H19:H23) -> 7279.308
A26: 铝型材成本
A27: 型材编号 | B27: 名称 | D27: 使用数量(m) | E27: 米重(kg/m) | F27: 总重量(kg) | G27: 单价(元/kg) | H27: 价格
A28: MLBM112001 | B28: 内开框 | D28: 121.95 | E28: =VLOOKUP(A28,华健开模汇总表!$B$3:$D$399,3,0) -> 0.766 | F28: =D28*E28 -> 93.4137 | G28: 25 | H28: =F28*G28 -> 2335.3425
A29: MLBM112008 | B29: 横挺 | D29: 5.849 | E29: =VLOOKUP(A29,华健开模汇总表!$B$3:$D$399,3,0) -> 0.948 | F29: =D29*E29 -> 5.544852 | G29: 25 | H29: =F29*G29 -> 138.6213
A30: MLBM112003 | B30: 内开窗扇 | D30: 35.661 | E30: =VLOOKUP(A30,华健开模汇总表!$B$3:$D$399,3,0) -> 0.283 | F30: =D30*E30 -> 10.092063 | G30: 25 | H30: =F30*G30 -> 252.30158
A31: MLBM112002 | B31: 下框下部 | D31: 26.555 | E31: =VLOOKUP(A31,华健开模汇总表!$B$3:$D$399,3,0) -> 0.476 | F31: =D31*E31 -> 12.64018 | G31: 25 | H31: =F31*G31 -> 316.0045
A32: MLBM112004 | B32: 附框 | D32: 25.108 | E32: =VLOOKUP(A32,华健开模汇总表!$B$3:$D$399,3,0) -> 0.259 | F32: =D32*E32 -> 6.502972 | G32: 25 | H32: =F32*G32 -> 162.5743
A33: MLBM112005 | B33: 纱扇 | D33: 35.733 | E33: =VLOOKUP(A33,华健开模汇总表!$B$3:$D$399,3,0) -> 0.584 | F33: =D33*E33 -> 20.868072 | G33: 25 | H33: =F33*G33 -> 521.7018
A34: MLBM112006 | B34: 纱扇压条 | D34: 34.61 | E34: =VLOOKUP(A34,华健开模汇总表!$B$3:$D$399,3,0) -> 0.138 | F34: =D34*E34 -> 4.77618 | G34: 25 | H34: =F34*G34 -> 119.4045
A35: 合计： | H35: =SUM(H28:H34) -> 3845.9505
A37: 胶条成本
A38: 胶条编号 | C38: 名称 | F38: 使用米数 | G38: 单价(元/m) | H38: 价格
A39: DKL001 | C39: 达克罗钉套 | F39: 78 | G39: 0.36 | H39: =F39*G39 -> 28.08
A40: DKL002 | C40: 达克罗钉 | F40: 78 | G40: 0.41 | H40: =F40*G40 -> 31.98
A41: KM-11 | C41: 拍扣 | F41: 517 | G41: 0.21 | H41: =F41*G41 -> 108.57
A42: KM-34 | C42: 波外透气件 | F42: 78 | G42: 0.35 | H42: =F42*G42 -> 27.3
A43: KM-37 | C43: 白色玻璃垫片 | F43: 120 | G43: 0.3 | H43: =F43*G43 -> 36
A44: KM-64 | C44: 工艺孔盖 | F44: 60 | G44: 0.09 | H44: =F44*G44 -> 5.4
A45: MLJT-10-1 | C45: 112系列框胶条 | F45: 36.842 | G45: 9.46 | H45: =F45*G45 -> 348.52532
A46: MLJT-13 | C46: 扇密封K3496 | F46: 75.7 | G46: 3.6 | H46: =F46*G46 -> 272.52
A47: MLJT-15 | C47: 玻内胶条 | F47: 123.256 | G47: 2 | H47: =F47*G47 -> 246.512
A48: MLJT-94 | C48: 玻外胶条 | F48: 123.256 | G48: 1.75 | H48: =F48*G48 -> 215.698
A49: YB001 | C49: 圆木榫 | F49: 570 | G49: 0.13 | H49: =F49*G49 -> 74.1
A50: 连接片 | C50: 连接片 | F50: 255 | G50: 0.45 | H50: =F50*G50 -> 114.75
A51: 合计： | H51: =SUM(H39:H50) -> 1509.4353
A53: 玻璃成本
A54: 玻璃数量 | E54: 玻璃面积 | H54: 价格
A55: 18 | E55: 10.3 | H55: 6760.26
A57: 辅材成本
A58: 编号 | C58: 名称 | E58: 规格 | F58: 使用数量 | G58: 单价 | H58: 价格
A59: KM-17 | C59: 下排水堵头 | E59: 元/个 | F59: 30 | G59: 0.62 | H59: =F59*G59 -> 18.6
A60: KM-32 | C60: 45度有缺口组角L/R | E60: 元/个 | F60: 120 | G60: 0.68 | H60: =F60*G60 -> 81.6
A61: ML0211201 | C61: 横梃堵头 | E61: 元/个 | F61: 18 | G61: 0.35 | H61: =F61*G61 -> 6.3
A62: ML0211203 | C62: 铝框组角注胶件 | E62: 元/个 | F62: 60 | G62: 0.22 | H62: =F62*G62 -> 13.2
A63: ML0211204L | C63: 铝中梃注胶件L | E63: 元/个 | F63: 18 | G63: 0.23 | H63: =F63*G63 -> 4.14
A64: ML0211204R | C64: 铝中梃注胶件R | E64: 元/个 | F64: 18 | G64: 0.23 | H64: =F64*G64 -> 4.14
A65: ML0211205L | C65: 纱框端头堵头L | E65: 元/个 | F65: 18 | G65: 0.23 | H65: =F65*G65 -> 4.14
A66: ML0211205R | C66: 纱框端头堵头R | E66: 元/个 | F66: 18 | G66: 0.23 | H66: =F66*G66 -> 4.14
A67: MLJM7005 | C67: 112铝框角码 | E67: 元/个 | F67: 60 | G67: 1.6 | H67: =F67*G67 -> 96
A68: MLJM7019 | C68: 112纱扇铝角码 | E68: 元/个 | F68: 60 | G68: 1.25 | H68: =F68*G68 -> 75
A69: MLJT-83 | C69: 112固定扣件（框部分） | E69: 元/米 | F69: 87.326 | G69: 7.4 | H69: =F69*G69 -> 646.2124
A70: MLJT-84 | C70: 112固定扣件（压条部分） | E70: 元/米 | F70: 87.326 | G70: 4.2 | H70: =F70*G70 -> 366.7692
A71: 纱窗细网 | E71: 个 | F71: 9 | G71: 50 | H71: =F71*G71 -> 450
A72: 合计： | H72: =SUM(H59:H71) -> 1770.2416
A74: 五金成本
A75: 五金厂家 | B75: 编号 | D75: 名称 | F75: 使用数量 | G75: 单价 | H75: 价格
A76: MACO | B76: 隐藏式五金（含执手） | F76: 9 | G76: 430.5 | H76: =F76*G76 -> 3874.5
A77: 合计： | H77: =SUM(H76:H76) -> 3874.5
A79: 制单： | B79: 苏其昭 | C79: 核对： | E79: 审核： | G79: 批准：

Sheet 华健开模汇总表
A1: 华健铝业开模汇总表
A2: 序号 | B2: 编号 | C2: 名称 | D2: 米重/kg/m | E2: 模具费 | F2: 备注
A3: 1 | B3: MLSC701001A | C3: 边框组件 | D3: 0.668 | E3: 1800
A4: 2 | B4: MLSC701001B | C4: 边框组件 | D4: 0.625 | E4: 1800
A5: 3 | B5: MLSC701002A | C5: 中梃组件 | D5: 0.806 | E5: 2200
A6: 4 | B6: MLSC701102B | C6: 中梃组件 | D6: 0.663 | E6: 1800
A7: 5 | B7: MLSC701103A | C7: 加强中梃组件 | D7: 1.682 | E7: 3250
A8: 6 | B8: MLSC701003A | C8: 加强中梃组件 | D8: 1.35 | E8: 3250
A9: 7 | B9: MLSC701004A | C9: 转接料组件 | D9: 0.562 | E9: 1800
A10: 8 | B10: MLSC701004B | C10: 转接料组件 | D10: 0.47 | E10: 1450
A11: 9 | B11: MLSC701005A | C11: 扇料组件 | D11: 0.562 | E11: 1800
A12: 10 | B12: MLSC701015B | C12: 扇料组件 | D12: 0.768 | E12: 1800
A13: 11 | B13: MLSC701006A | C13: 扇料组件 | D13: 0.998 | E13: 2200
A14: 12 | B14: MLSC701006B | C14: 扇料组件 | D14: 0.616 | E14: 1800
... A333: 331 | B333: MLSC105009 | C333: 压条组件 | D333: 0.472 | E333: 1450
A334: 332 | B334: MLLBMJQK02A | C334: 60加强腔 | D334: 0.858 | F334: 未确认开
A335: 333 | B335: MLLBM001 | C335: 边框 | D335: 0.659
A336: 334 | B336: MLLBM002 | C336: 扇 | D336: 0.427
A337: 335 | B337: MLLBM003 | C337: 假中梃 | D337: 0.592
A338: 336 | B338: MLLBM004 | C338: 下框1 | D338: 0.513
A339: 337 | B339: MLLBM005 | C339: 下框2 | D339: 0.391
A340: 338 | B340: MLLBM006 | C340: 中梃 | D340: 0.977
A341: 339 | B341: MLLBM007 | C341: 横梃 | D341: 1.046
A342: 340 | B342: MLLBM008 | C342: 门扇 | D342: 0.802
A343: 341 | B343: MLLBM010 | C343: 门扇梃 | D343: 0.874
A344: 342 | B344: MLLBM012 | C344: 外开门扇 | D344: 1.096
A345: 343 | B345: MLLBM013 | C345: 外开门框 | D345: 0.419
A346: 344 | B346: MLLBM014 | C346: 披水 | D346: 0.135
... A366: 364 | B366: MLLBM035 | C366: 25拼接 | D366: 0.324
A367: 365 | B367: MLLBM036 | D367: 0.214
A368: 366 | B368: MLLBM037 | D368: 0.235
A369: 367 | B369: MLLBM039 | D369: 0.646
A370: 368 | B370: MLLBM040 | C370: 扇 | D370: 0.323
A371: 369 | B371: MLLBM041 | C371: 中梃 | D371: 0.788
A372: 370 | B372: MLLBM042 | C372: 门扇封边 | D372: 0.348
A373: 371 | B373: MLLBM043 | C373: 拼条 | D373: 0.121
A374: 372 | B374: MLLBM064 | C374: 边框 | D374: 0.583
A375: 373 | B375: MLLBM066 | C375: 中梃 | D375: 0.8
A376: 374 | B376: MLLBM067 | C376: 横中梃 | D376: 0.894
A377: 375 | B377: MLLBM068 | C377: 扇料 | D377: 0.436
A378: 376 | B378: MLZCYGF12 | C378: 排水槽 | D378: 5.154
A379: 377 | B379: MLZCYGF11 | C379: 斜屋顶排水槽挂件 | D379: 0.662
A380: 378 | B380: MLZCYGF10 | C380: 斜梁纵向扣板底座-b | D380: 0.57
A381: 379 | B381: MLZCYGF09 | C381: 装饰盖 | D381: 0.298
... A399: 397 | B399: YGF-FJ-013 | C399: L型折弯铝 | D399: 0.423

Sheet 丝吉利娅五金价格
A1: 序号 | B1: 物料编号 | C1: 物料名称 | D1: 23年供货单价 | I1: 五金编号 | J1: 五金名称 | K1: 数量 | L1: 单价 | M1: 价格 | O1: 总价
A2: 1 | B2: MMBS8191-100022 | C2: BS 隐藏式 DK 右 GR.1S TS B1/K10 | D2: 126.58197 | I2: MMBS8191-100022 | K2: 1 | L2: =IFERROR(VLOOKUP(I2,$B$2:$D$1000,3,0),0) -> 126.58197 | M2: =K2*L2 -> 126.58197 | O2: =SUM(M:M) -> 126.58197
A3: 2 | B3: MMGI8020-100050 | C3: 埋入式传动器 FBS KSTRIAL/RR TS B1/50 | D3: 26.017402 | L3: =IFERROR(VLOOKUP(I3,$B$2:$D$1000,3,0),0) -> 0 | M3: =K3*L3 -> 0
A4: 3 | B4: 254479 | C4: 助升块（扇）RAL7001 K200 | D4: 0.42823103 | L4: =IFERROR(VLOOKUP(I4,$B$2:$D$1000,3,0),0) -> 0 | M4: =K4*L4 -> 0
A5: 4 | B5: 254219 | C5: LM4200DK内倾锁杆 K200 | D5: 6.287281 | L5: =IFERROR(VLOOKUP(I5,$B$2:$D$1000,3,0),0) -> 0 | M5: =K5*L5 -> 0
A6: 5 | B6: 220603 | C6: 幕墙角传动器VSO TS K50 | D6: 14.756826 | L6: =IFERROR(VLOOKUP(I6,$B$2:$D$1000,3,0),0) -> 0 | M6: =K6*L6 -> 0
A7: 6 | B7: 254486 | C7: LM内倾锁座 K200 | D7: 4.1626862 | L7: =IFERROR(VLOOKUP(I7,$B$2:$D$1000,3,0),0) -> 0 | M7: =K7*L7 -> 0
A8: 7 | B8: 254516 | C8: LM锁座 E TS K200 | D8: 4.0803716 | L8: =IFERROR(VLOOKUP(I8,$B$2:$D$1000,3,0),0) -> 0 | M8: =K8*L8 -> 0
A9: 8 | B9: 266533 | C9: LM锁座 TS B20/400 | D9: 2.6845293 | L9: =IFERROR(VLOOKUP(I9,$B$2:$D$1000,3,0),0) -> 0 | M9: =K9*L9 -> 0
A10: 9 | B10: MMBS8192-100022 | C10: BS 隐藏式 DK 左 GR.1S TS B1/K10 | D10: 126.57752 | L10: =IFERROR(VLOOKUP(I10,$B$2:$D$1000,3,0),0) -> 0 | M10: =K10*L10 -> 0
A11: 10 | B11: MCSX0010-100070 | C11: 连接器 ALU TS B50/K300 | D11: 2.2014974 | L11: =IFERROR(VLOOKUP(I11,$B$2:$D$1000,3,0),0) -> 0 | M11: =K11*L11 -> 0
A12: 11 | B12: MMMV8170-100030 | C12: 中间锁 ALU VS/BS AXXENT ST AV TS B1/20 | D12: 28.461121 | L12: =IFERROR(VLOOKUP(I12,$B$2:$D$1000,3,0),0) -> 0 | M12: =K12*L12 -> 0
A13: 12 | B13: MMBS0060-504020 | C13: LM2200 合页侧 白色 RAL9016 K10 | D13: 49.614565 | L13: =IFERROR(VLOOKUP(I13,$B$2:$D$1000,3,0),0) -> 0 | M13: =K13*L13 -> 0
A14: 13 | B14: MMBS0060-523020 | C14: LM2200 合页侧 黑色RAL9005 B1/10 | D14: 49.614565 | L14: =IFERROR(VLOOKUP(I14,$B$2:$D$1000,3,0),0) -> 0 | M14: =K14*L14 -> 0
A15: 14 | B15: MMBS0060-533020 | C15: LM2200 合页侧 棕色 B1/10 | D15: 49.614565 | L15: =IFERROR(VLOOKUP(I15,$B$2:$D$1000,3,0),0) -> 0 | M15: =K15*L15 -> 0
A16: 15 | B16: MMBS0060-5K7020Z | C16: LM2200 合页侧 银色 AJW009D B1/10 | D16: 49.614565 | L16: 24 | M16: =K16*L16 -> 0
A17: 16 | B17: NMBS6010-535020 | C17: LM2200合页侧 暗钛色 B1/10 | D17: 57.05748 | L17: =IFERROR(VLOOKUP(I17,$B$2:$D$1000,3,0),0) -> 0 | M17: =K17*L17 -> 0
A18: 17 | B18: MMGI8020-100050 | C18: 埋入式传动器 FBS KSTRIAL/RR TS B1/50 | D18: 30.739723 | L18: =IFERROR(VLOOKUP(I18,$B$2:$D$1000,3,0),0) -> 0 | M18: =K18*L18 -> 0
A19: 18 | B19: MSKK0010-000030 | C19: 斜拉杆 ALU 2200/5100 GR.1 K20 | D19: 24.177311 | L19: =IFERROR(VLOOKUP(I19,$B$2:$D$1000,3,0),0) -> 0 | M19: =K19*L19 -> 0
A20: 19 | B20: MSKK0210-000030 | C20: 斜拉杆 ALU 2200/5100 GR.2 K20 | D20: 33.21583 | L20: =IFERROR(VLOOKUP(I20,$B$2:$D$1000,3,0),0) -> 0 | M20: =K20*L20 -> 0
A21: 20 | B21: 317464 | C21: 先平开锁块 DKB TS K200 | D21: 3.405255 | L21: =IFERROR(VLOOKUP(I21,$B$2:$D$1000,3,0),0) -> 0 | M21: =K21*L21 -> 0
A22: 21 | B22: 254479 | C22: 助升块（扇）RAL7001 K200 | D22: 0.5059236 | L22: =IFERROR(VLOOKUP(I22,$B$2:$D$1000,3,0),0) -> 0 | M22: =K22*L22 -> 0
A23: 22 | B23: 254219 | C23: LM4200DK内倾锁杆 K200 | D23: 7.4283205 | L23: =IFERROR(VLOOKUP(I23,$B$2:$D$1000,3,0),0) -> 0 | M23: =K23*L23 -> 0
A24: 23 | B24: 220603 | C24: 幕墙角传动器VSO TS K50 | D24: 17.434906 | L24: =IFERROR(VLOOKUP(I24,$B$2:$D$1000,3,0),0) -> 0 | M24: =K24*L24 -> 0
A25: 24 | B25: 254486 | C25: LM内倾锁座 K200 | D25: 4.9181612 | L25: =IFERROR(VLOOKUP(I25,$B$2:$D$1000,3,0),0) -> 0 | M25: =K25*L25 -> 0
A26: 25 | B26: 254516 | C26: LM锁座 E TS K200 | D26: 4.8208681 | L26: =IFERROR(VLOOKUP(I26,$B$2:$D$1000,3,0),0) -> 0 | M26: =K26*L26 -> 0
A27: 26 | B27: 266533 | C27: LM锁座 TS B20/400 | D27: 3.1717518 | L27: =IFERROR(VLOOKUP(I27,$B$2:$D$1000,3,0),0) -> 0 | M27: =K27*L27 -> 0
A28: 27 | B28: 246979 | C28: 中间锁LM4200-DK B1/20 | D28: 26.310703 | L28: =IFERROR(VLOOKUP(I28,$B$2:$D$1000,3,0),0) -> 0 | M28: =K28*L28 -> 0
A29: 28 | B29: MMBS0220-504020 | C29: 合页侧 ALU5200 BD3.5MM 白RAL9016 B1/10 | D29: 189.84783 | L29: =IFERROR(VLOOKUP(I29,$B$2:$D$1000,3,0),0) -> 0 | M29: =K29*L29 -> 0
A30: 29 | B30: MMBS0220-523020 | C30: 合页侧 ALU5200 BD3.5MM 黑 RAL9005 B1/10 | D30: 189.84783 | L30: =IFERROR(VLOOKUP(I30,$B$2:$D$1000,3,0),0) -> 0 | M30: =K30*L30 -> 0
A31: 30 | B31: MMBS8220-5K7020 | C31: 合页侧 ALU5200 BD3.5MM 银色 | D31: 189.84783 | L31: =IFERROR(VLOOKUP(I31,$B$2:$D$1000,3,0),0) -> 0 | M31: =K31*L31 -> 0
A32: 31 | B32: MMBS8220-533020 | C32: 合页侧 ALU5200 BD3.5MM 棕色 | D32: 189.84783 | L32: =IFERROR(VLOOKUP(I32,$B$2:$D$1000,3,0),0) -> 0 | M32: =K32*L32 -> 0
A33: 32 | B33: MMBS8220-535020 | C33: 合页侧 ALU5200 BD3.5MM 暗钛色 | D33: 218.32549 | L33: =IFERROR(VLOOKUP(I33,$B$2:$D$1000,3,0),0) -> 0 | M33: =K33*L33 -> 0
A34: 33 | B34: MSKK0290-000030 | C34: ALU斜拉杆 4200/5200 GR.1 K20 | D34: 78.544639 | L34: =IFERROR(VLOOKUP(I34,$B$2:$D$1000,3,0),0) -> 0 | M34: =K34*L34 -> 0
A35: 34 | B35: MSKK0300-000031 | C35: 斜拉杆 ALU 4200/5200 GR.2 K20 | D35: 114.30468 | L35: =IFERROR(VLOOKUP(I35,$B$2:$D$1000,3,0),0) -> 0 | M35: =K35*L35 -> 0
A36: 35 | B36: MMGI8020-100050 | C36: 埋入式传动器 FBS KSTRIAL/RR TS B1/50 | D36: 30.739237 | L36: =IFERROR(VLOOKUP(I36,$B$2:$D$1000,3,0),0) -> 0 | M36: =K36*L36 -> 0
A37: 36 | B37: 317464 | C37: 先平开锁块 DKB TS K200 | D37: 3.405255 | L37: =IFERROR(VLOOKUP(I37,$B$2:$D$1000,3,0),0) -> 0 | M37: =K37*L37 -> 0
A38: 37 | B38: 254479 | C38: 助升块（扇）RAL7001 K200 | D38: 0.5059236 | L38: =IFERROR(VLOOKUP(I38,$B$2:$D$1000,3,0),0) -> 0 | M38: =K38*L38 -> 0
A39: 38 | B39: 254219 | C39: LM4200DK内倾锁杆 K200 | D39: 7.4283205 | L39: =IFERROR(VLOOKUP(I39,$B$2:$D$1000,3,0),0) -> 0 | M39: =K39*L39 -> 0
A40: 39 | B40: MMEU0030-100050 | C40: 角传动器 VSO TS K50 | D40: 17.43 | L40: =IFERROR(VLOOKUP(I40,$B$2:$D$1000,3,0),0) -> 0 | M40: =K40*L40 -> 0
A41: 40 | B41: 254486 | C41: LM内倾锁座 K200 | D41: 4.9188908 | L41: =IFERROR(VLOOKUP(I41,$B$2:$D$1000,3,0),0) -> 0 | M41: =K41*L41 -> 0
A42: 41 | B42: 254516 | C42: LM锁座 E TS K200 | D42: 4.8218411 | L42: =IFERROR(VLOOKUP(I42,$B$2:$D$1000,3,0),0) -> 0 | M42: =K42*L42 -> 0
A43: 42 | B43: 266533 | C43: LM锁座 TS B20/400 | D43: 3.171995 | L43: =IFERROR(VLOOKUP(I43,$B$2:$D$1000,3,0),0) -> 0 | M43: =K43*L43 -> 0
A44: 43 | B44: 246979 | C44: 中间锁LM4200-DK B1/20 | D44: 26.312892 | L44: =IFERROR(VLOOKUP(I44,$B$2:$D$1000,3,0),0) -> 0 | M44: =K44*L44 -> 0
A45: 44 | B45: 245637 | C45: LM4200/5200附件包 90/130KG 附件包 B20/C400 | D45: 11.446521 | L45: =IFERROR(VLOOKUP(I45,$B$2:$D$1000,3,0),0) -> 0 | M45: =K45*L45 -> 0
A46: 45 | B46: CAFA8130-000060 | C46: 欧式风撑 HE-3-10' 304 K60 | D46: 23.72916 | L46: =IFERROR(VLOOKUP(I46,$B$2:$D$1000,3,0),0) -> 0 | M46: =K46*L46 -> 0
A47: 46 | B47: CAFA8220-000530 | C47: 欧式风撑 HE-3-14' 304 K60 | D47: 25.089919 | L47: =IFERROR(VLOOKUP(I47,$B$2:$D$1000,3,0),0) -> 0 | M47: =K47*L47 -> 0
A48: 47 | B48: MMBS0281-100021 | C48: 隐藏合页侧 ALU DK GR1 A0004 右 TS B1/10 | D48: 287.95177 | L48: =IFERROR(VLOOKUP(I48,$B$2:$D$1000,3,0),0) -> 0 | M48: =K48*L48 -> 0
A49: 48 | B49: MMBS0282-100021 | C49: 隐藏合页侧 ALU DK GR1 A0004 左 TS B1/10 | D49: 287.95177 | L49: =IFERROR(VLOOKUP(I49,$B$2:$D$1000,3,0),0) -> 0 | M49: =K49*L49 -> 0
A50: 49 | B50: MMBS0311-100021 | C50: 隐藏合页侧 ALU DK GR2 A0004 右 TS B1/10 | D50: 292.55908 | L50: =IFERROR(VLOOKUP(I50,$B$2:$D$1000,3,0),0) -> 0 | M50: =K50*L50 -> 0
A51: 50 | B51: MMBS0312-100021 | C51: 隐藏合页侧 ALU DK GR2 A0004 左 TS B1/10 | D51: 292.55908 | L51: =IFERROR(VLOOKUP(I51,$B$2:$D$1000,3,0),0) -> 0 | M51: =K51*L51 -> 0
A52: 51 | B52: MMGI8020-100050 | C52: 埋入式传动器 FBS KSTRIAL/RR TS B1/50 | D52: 30.739237 | L52: =IFERROR(VLOOKUP(I52,$B$2:$D$1000,3,0),0) -> 0 | M52: =K52*L52 -> 0
A53: 52 | B53: MMVS8020-100030 | C53: ALU-DK 埋入式传动器 锁紧侧 TS B1/K20 | D53: 38.283579 | L53: =IFERROR(VLOOKUP(I53,$B$2:$D$1000,3,0),0) -> 0 | M53: =K53*L53 -> 0
A54: 53 | B54: MMMV8180-100030 | C54: 隐藏式PLUS中间锁 ALU VS/BS ST AV TS B1/20 | D54: 28.6795 | L54: =IFERROR(VLOOKUP(I54,$B$2:$D$1000,3,0),0) -> 0 | M54: =K54*L54 -> 0
A55: 54 | B55: MZBS0130-000030 | C55: 附件 ALU AXX+ >100KG TS B20 | D55: 27.505947 | L55: =IFERROR(VLOOKUP(I55,$B$2:$D$1000,3,0),0) -> 0 | M55: =K55*L55 -> 0
A56: 55 | B56: MSBR0120-100050 | C56: 欧式风撑 ALU 长 TS B1/50 | D56: 82.681294 | L56: =IFERROR(VLOOKUP(I56,$B$2:$D$1000,3,0),0) -> 0 | M56: =K56*L56 -> 0
A57: 56 | B57: MSBR0150-100050 | C57: 风撑 ALU 隐藏式 KZ TS B1/50 | D57: 85.066675 | L57: =IFERROR(VLOOKUP(I57,$B$2:$D$1000,3,0),0) -> 0 | M57: =K57*L57 -> 0
A58: 57 | B58: 218839 | C58: LM中间锁LM-D VS-BS TS B1/20 | D58: 20.660016 | L58: =IFERROR(VLOOKUP(I58,$B$2:$D$1000,3,0),0) -> 0 | M58: =K58*L58 -> 0
A59: 58 | B59: 254509 | C59: LM滑块 TS K200 | D59: 6.6138358 | L59: =IFERROR(VLOOKUP(I59,$B$2:$D$1000,3,0),0) -> 0 | M59: =K59*L59 -> 0
A60: 59 | B60: 238691 | C60: HS门槛挡块 B1 | D60: 40.277749 | L60: =IFERROR(VLOOKUP(I60,$B$2:$D$1000,3,0),0) -> 0 | M60: =K60*L60 -> 0
A61: 60 | B61: 266885 | C61: 锁闭侧 LM4200-DS A0109 TS B1/20 | D61: 107.03559 | L61: =IFERROR(VLOOKUP(I61,$B$2:$D$1000,3,0),0) -> 0 | M61: =K61*L61 -> 0
A62: 61 | B62: 308110 | C62: 助升块（框）TBT RAL9005 K200 | D62: 3.7673748 | L62: =IFERROR(VLOOKUP(I62,$B$2:$D$1000,3,0),0) -> 0 | M62: =K62*L62 -> 0
A63: 62 | B63: 309544 | C63: HS150 连杆 GR. 335 K10 | D63: 115.23927 | L63: =IFERROR(VLOOKUP(I63,$B$2:$D$1000,3,0),0) -> 0 | M63: =K63*L63 -> 0
A64: 63 | B64: 719220 | C64: 单头锁座（长） | D64: 23.8896 | L64: =IFERROR(VLOOKUP(I64,$B$2:$D$1000,3,0),0) -> 0 | M64: =K64*L64 -> 0
A65: 64 | B65: 824412 | C65: 防撞垫 HS-KF RAL9005 PC1 | D65: 2.0277501 | L65: =IFERROR(VLOOKUP(I65,$B$2:$D$1000,3,0),0) -> 0 | M65: =K65*L65 -> 0
A66: 65 | B66: 870723 | C66: 锁芯盖板 外 SI-LINE 白RAL9003 K200 | D66: 17.199504 | L66: =IFERROR(VLOOKUP(I66,$B$2:$D$1000,3,0),0) -> 0 | M66: =K66*L66 -> 0
A67: 66 | B67: 870730 | C67: 锁芯盖板 外 SI-LINE 棕RAL8019 K200 | D67: 17.199504 | L67: =IFERROR(VLOOKUP(I67,$B$2:$D$1000,3,0),0) -> 0 | M67: =K67*L67 -> 0
A68: 67 | B68: 871492 | C68: 锁芯盖板 内 SI-LINE 白RAL9016 K200 | D68: 17.199504 | L68: =IFERROR(VLOOKUP(I68,$B$2:$D$1000,3,0),0) -> 0 | M68: =K68*L68 -> 0
A69: 68 | B69: 871508 | C69: 锁芯盖板 内 SI-LINE 棕RAL8019 K200 | D69: 17.199504 | L69: =IFERROR(VLOOKUP(I69,$B$2:$D$1000,3,0),0) -> 0 | M69: =K69*L69 -> 0
A70: 69 | B70: 307533Z | C70: HS连接杆 GR.150 TS K10 | D70: 32.768064 | L70: =IFERROR(VLOOKUP(I70,$B$2:$D$1000,3,0),0) -> 0 | M70: =K70*L70 -> 0
A71: 70 | B71: 307724Z | C71: HS连接杆 GR.200 TS K10 | D71: 50.368903 | L71: =IFERROR(VLOOKUP(I71,$B$2:$D$1000,3,0),0) -> 0 | M71: =K71*L71 -> 0
A72: 71 | B72: 307748Z | C72: HS连接杆 GR.250 TS K10 | D72: 72.755298 | L72: =IFERROR(VLOOKUP(I72,$B$2:$D$1000,3,0),0) -> 0 | M72: =K72*L72 -> 0
A73: 72 | B73: 393883-001 | C73: 方轴 10X10X100 HS300执手 电镀件 | D73: 9.0325872 | L73: =IFERROR(VLOOKUP(I73,$B$2:$D$1000,3,0),0) -> 0 | M73: =K73*L73 -> 0
A74: 73 | B74: 393885-001 | C74: 方轴 10X10X168 HS300执手 电镀件 | D74: 11.304972 | L74: =IFERROR(VLOOKUP(I74,$B$2:$D$1000,3,0),0) -> 0 | M74: =K74*L74 -> 0
A75: 74 | B75: CAFA8070-000560 | C75: 铝合金窗用风撑 8寸 HH12-08 带卡槽 304 | D75: 7.9114871 | L75: =IFERROR(VLOOKUP(I75,$B$2:$D$1000,3,0),0) -> 0 | M75: =K75*L75 -> 0
A76: 75 | B76: CAFA8080-000560 | C76: 铝合金窗用风撑 10寸 HH12-10 带卡槽 304 | D76: 9.4363769 | L76: =IFERROR(VLOOKUP(I76,$B$2:$D$1000,3,0),0) -> 0 | M76: =K76*L76 -> 0
A77: 76 | B77: CAFA8090-000560 | C77: 铝合金窗用风撑 12寸 HH12-12 带卡槽 304 | D77: 10.363271 | L77: =IFERROR(VLOOKUP(I77,$B$2:$D$1000,3,0),0) -> 0 | M77: =K77*L77 -> 0
A78: 77 | B78: CAFA8100-000560 | C78: 铝合金窗用风撑 14寸 HH12-14 带卡槽 304 | D78: 11.726702 | L78: =IFERROR(VLOOKUP(I78,$B$2:$D$1000,3,0),0) -> 0 | M78: =K78*L78 -> 0
A79: 78 | B79: CHGD0010-504030 | C79: 执手 直柄 ALU 外开 白 RAL9016 K20 | D79: 26.858563 | L79: =IFERROR(VLOOKUP(I79,$B$2:$D$1000,3,0),0) -> 0 | M79: =K79*L79 -> 0
A80: 79 | B80: CHGD0010-523030 | C80: 执手 直柄 ALU 外开 黑 RAL9005 K20 | D80: 26.858563 | L80: =IFERROR(VLOOKUP(I80,$B$2:$D$1000,3,0),0) -> 0 | M80: =K80*L80 -> 0
A81: 80 | B81: CHGD0010-533030 | C81: 执手 直柄 ALU 外开 SI棕 K20 | D81: 26.858563 | L81: =IFERROR(VLOOKUP(I81,$B$2:$D$1000,3,0),0) -> 0 | M81: =K81*L81 -> 0
... A193: 192 | B193: CASA8040-000200 | C193: 伸缩臂短支垫片 | D193: 0.52623648 | L193: =IFERROR(VLOOKUP(I193,$B$2:$D$1000,3,0),0) -> 0 | M193: =K193*L193 -> 0
A194: 193 | B194: 254479 | C194: 助升块（扇）RAL7001 K200 | D194: 0.5923008 | L194: =IFERROR(VLOOKUP(I194,$B$2:$D$1000,3,0),0) -> 0 | M194: =K194*L194 -> 0
A195: 194 | B195: 266533 | C195: LM锁座 TS B20/400 | D195: 3.7132704 | L195: =IFERROR(VLOOKUP(I195,$B$2:$D$1000,3,0),0) -> 0 | M195: =K195*L195 -> 0
A196: 195 | B196: 239155 | C196: LM扇拉杆 TS B1/50 | D196: 85.44 | L196: =IFERROR(VLOOKUP(I196,$B$2:$D$1000,3,0),0) -> 0 | M196: =K196*L196 -> 0
A197: 196 | B197: 239162 | C197: 连接杆 悬窗 ZV K20 | D197: 33.5088 | L197: =IFERROR(VLOOKUP(I197,$B$2:$D$1000,3,0),0) -> 0 | M197: =K197*L197 -> 0
A198: 197 | B198: MMKB0020-533030 | C198: T-T悬合页 LM4200 棕色 B1/20 | D198: 97.728 | L198: =IFERROR(VLOOKUP(I198,$B$2:$D$1000,3,0),0) -> 0 | M198: =K198*L198 -> 0
A199: 198 | B199: MMKB0020-523030 | C199: T-T悬合页 LM4200 RAL9005 黑色 B1/20 | D199: 97.728 | L199: =IFERROR(VLOOKUP(I199,$B$2:$D$1000,3,0),0) -> 0 | M199: =K199*L199 -> 0
A200: 199 | B200: MMVR0050-100030 | C200: 防盗锁点锁座 | D200: 31.084402 | L200: =IFERROR(VLOOKUP(I200,$B$2:$D$1000,3,0),0) -> 0 | M200: =K200*L200 -> 0
A201: 200 | B201: 265482 | C201: 藕合连接块 短 | D201: 4.7497968 | L201: =IFERROR(VLOOKUP(I201,$B$2:$D$1000,3,0),0) -> 0 | M201: =K201*L201 -> 0
A202: 201 | B202: PGKZ0030-524020 | C202: 传动器HS37.5-PZ GR.260 2V2 氧化银EV1 TS K10 | D202: 341.56 | L202: =IFERROR(VLOOKUP(I202,$B$2:$D$1000,3,0),0) -> 0 | M202: =K202*L202 -> 0
A203: 202 | B203: PGKZ0020-524020 | C203: 传动器HS37.5-PZ GR.220 2V2 氧化银EV1 TS K10 | D203: 292.79 | L203: =IFERROR(VLOOKUP(I203,$B$2:$D$1000,3,0),0) -> 0 | M203: =K203*L203 -> 0
A204: 203 | B204: NHSS0050-504020 | C204: 执手 SI-LINE ALU 白 RAL9016 K10 | D204: 36.17 | L204: =IFERROR(VLOOKUP(I204,$B$2:$D$1000,3,0),0) -> 0 | M204: =K204*L204 -> 0
A205: 204 | B205: NHSS0050-5K7020 | C205: 执手 SI-LINE ALU 银色 | D205: 36.17 | L205: =IFERROR(VLOOKUP(I205,$B$2:$D$1000,3,0),0) -> 0 | M205: =K205*L205 -> 0
A206: 205 | B206: NHSS0050-533020 | C206: 执手 SI-LINE ALU 棕色 | D206: 36.17 | L206: =IFERROR(VLOOKUP(I206,$B$2:$D$1000,3,0),0) -> 0 | M206: =K206*L206 -> 0
A207: 206 | B207: NHSS0050-523020 | C207: 执手 SI-LINE ALU 黑色 | D207: 36.17 | L207: =IFERROR(VLOOKUP(I207,$B$2:$D$1000,3,0),0) -> 0 | M207: =K207*L207 -> 0
A208: 207 | B208: NHSS0050-535020 | C208: 执手 SI-LINE ALU 暗钛色 | D208: 41.5955 | L208: =IFERROR(VLOOKUP(I208,$B$2:$D$1000,3,0),0) -> 0 | M208: =K208*L208 -> 0

Sheet 索宾柯价格
A1: 物料编码 | B1: 价税合计 | F1: 五金编号 | G1: 五金名称 | H1: 数量 | I1: 单价 | J1: 价格 | L1: 总价
A2: 10000-721-12 | B2: 21.64 | F2: 10000-721-12 | I2: =IFERROR(VLOOKUP(F2,A2:B51,2,0),0) -> 21.64 | J2: =I2*H2 -> 0 | L2: =SUM(J:J) -> 0
A3: 10000-724 | B3: 138.07 | J3: =I3*H3 -> 0
A4: 10000-725 | B4: 138.07 | J4: =I4*H4 -> 0
A5: 20110-1 | B5: 59.31 | J5: =I5*H5 -> 0
A6: 23117-10 | B6: 335.44 | J6: =I6*H6 -> 0
A7: 23117-10 | B7: 335.44 | J7: =I7*H7 -> 0
A8: 24000-701 | B8: 45.47 | J8: =I8*H8 -> 0
A9: 26000-720 | B9: 106.25 | J9: =I9*H9 -> 0
A10: 26000-721 | B10: 113.4 | J10: =I10*H10 -> 0
A11: 26110-752 | B11: 39.72 | J11: =I11*H11 -> 0
A12: 30000-500 | B12: 69.58 | J12: =I12*H12 -> 0
A13: 30000-673 | B13: 158.34 | J13: =I13*H13 -> 0
A14: 30000-673 | B14: 158.34 | J14: =I14*H14 -> 0
... A51: P691-559 | B51: 208.69 | J51: =I51*H51 -> 0
B52: 5733.34 | J52: =I52*H52 -> 0
J53: =I53*H53 -> 0

Sheet 隔热条价格
A1: 产品编号 | B1: 产品型号 | C1: 米重(克） | D1: 单价（元/吨） | E1: 单价（元/米） | F1: 备注
A2: BT14800 | B2: I14.8 | C2: 46 | D2: 18000 | E2: 0.83
A3: BT14801 | B3: C14.8 | C3: 56 | D3: 18000 | E3: 1.01
A4: BT14802 | B4: T14.8 | C4: 66 | D4: 18000 | E4: 1.19
A5: BT1701 | B5: K17 | C5: 120 | D5: 24000 | E5: 2.88
A6: BT18600 | B6: I18.6 | C6: 55 | D6: 18000 | E6: 0.99
A7: BT2000 | B7: I20 | C7: 64 | D7: 18000 | E7: 1.15
A8: BT2001 | B8: C20 | C8: 74 | D8: 18000 | E8: 1.33
A9: BT2202 | B9: C22 | C9: 78 | D9: 18000 | E9: 1.4
A10: BT2400 | B10: I24 | C10: 72 | D10: 18000 | E10: 1.3
A11: BT2401 | B11: C24 | C11: 82 | D11: 18000 | E11: 1.48
A12: BT2405 | B12: PT24 | C12: 92 | D12: 18000 | E12: 1.66
A13: BT2530 | B13: I25.3 | C13: 77 | D13: 18000 | E13: 1.39
... A18: BT3010 | B18: CT30-2 | C18: 148 | D18: 20000 | E18: 2.96
A19: BT3018 | C19: 135 | D19: 20000 | E19: 2.7
A20: BT3303 | B20: CT33 | C20: 122 | D20: 18000 | E20: 2.2
A21: BT3304 | B21: C33 | C21: 107 | D21: 18000 | E21: 1.93
A22: BT3531 | B22: 35.3-1 | C22: 156 | D22: 24000 | E22: 3.74
A23: BT3532 | B23: 35.3-2 | C23: 167 | D23: 24000 | E23: 4.01
A24: BT4531 | B24: 45.3-1 | C24: 218 | D24: 25000 | E24: 5.45
A25: BM9016 | C25: 72 | D25: 18000 | E25: 1.3
A26: HK35.3-1 | C26: 131.4 | E26: 2.82
A27: HK35.3-2 | C27: 153.09 | E27: 3.3
A28: HK35.3-3 | C28: 161.25 | E28: 3.45
A29: CG30-1 | C29: 138 | E29: 2.35
A30: CG30-2 | C30: 154 | E30: 2.62
A31: CG30-3 | C31: 148 | E31: 2.52
A32: C30 | C32: 102 | E32: 1.62
A33: C24 | C33: 82 | E33: 1.31
A34: CT24 | C34: 92 | E34: 1.47
A35: CT33 | C35: 122 | E35: 1.95
A36: C33 | C36: 107 | E36: 1.64
A37: C20 | C37: 74 | E37: 1.15
... A43: 联动杆 | C43: 54.21 | E43: 1.2

Sheet 胶条价格
A1: 河北三联橡塑制品有限公司
A2: 型号 | B2: 含税公斤元 | C2: /箱米数 | D2: 重量（kg/箱） | E2: 米重 | F2: 单价/箱 | G2: /米单价
A3: MLJT-01 | B3: 35 | C3: 105 | D3: 20 | E3: =D3/C3 -> 0.19047619 | F3: =D3*B3 -> 700 | G3: =E3*B3*C3/C3 -> 6.6666667
A4: MLJT-02 | B4: 35 | C4: 75 | D4: 20 | E4: =D4/C4 -> 0.26666667 | F4: =D4*B4 -> 700 | G4: =E4*B4*C4/C4 -> 9.3333333
A5: MLJT-03 | B5: 23 | C5: 61 | D5: 20 | E5: =D5/C5 -> 0.32786885 | F5: =D5*B5 -> 460 | G5: =E5*B5*C5/C5 -> 7.5409836
A6: MLJT-04 | B6: 22 | C6: 244 | D6: 20 | E6: =D6/C6 -> 0.081967213 | F6: =D6*B6 -> 440 | G6: =E6*B6*C6/C6 -> 1.8032787
A7: MLJT-44 | B7: 23 | C7: 80 | D7: 20 | E7: =D7/C7 -> 0.25 | F7: =D7*B7 -> 460 | G7: =E7*B7*C7/C7 -> 5.75
A8: MLJT-04-1 | B8: 23 | C8: 220 | D8: 20 | E8: =D8/C8 -> 0.090909091 | F8: =D8*B8 -> 460 | G8: =E8*B8*C8/C8 -> 2.0909091
A9: MLJT-04-2 | B9: 23 | C9: 200 | D9: 20 | E9: =D9/C9 -> 0.1 | F9: =D9*B9 -> 460 | G9: =E9*B9*C9/C9 -> 2.3
A10: MLJT-06 | B10: 23 | C10: 556 | D10: 20 | E10: =D10/C10 -> 0.035971223 | F10: =D10*B10 -> 460 | G10: =E10*B10*C10/C10 -> 0.82733813
A11: MLJT-07 | B11: 22 | C11: 935 | D11: 20 | E11: =D11/C11 -> 0.021390374 | F11: =D11*B11 -> 440 | G11: =E11*B11*C11/C11 -> 0.47058824
A12: MLJT-101 | B12: 23 | C12: 323 | D12: 20 | E12: =D12/C12 -> 0.061919505 | F12: =D12*B12 -> 460 | G12: =E12*B12*C12/C12 -> 1.4241486
A13: MLJT-103 | B13: 35 | C13: 835 | D13: 20 | E13: =D13/C13 -> 0.023952096 | F13: =D13*B13 -> 700 | G13: =E13*B13*C13/C13 -> 0.83832335
A14: MLJT-108（305） | B14: 23 | C14: 262 | D14: 20 | E14: =D14/C14 -> 0.076335878 | F14: =D14*B14 -> 460 | G14: =E14*B14*C14/C14 -> 1.7557252
... A52: 复合MLJT-58 | B52: 35 | C52: 730 | D52: 20 | E52: =D52/C52 -> 0.02739726 | F52: =D52*B52 -> 700 | G52: =E52*B52*C52/C52 -> 0.95890411
A53: 0808305 | B53: 2.1/米元 | E53: =D53/C53 -> #DIV/0! | F53: =D53*B53 -> #VALUE! | G53: 2.1
A54: 0808762 | B54: 1.24/米元 | E54: =D54/C54 -> #DIV/0! | F54: =D54*B54 -> #VALUE! | G54: 1.24
A55: 0808504 | B55: 0.59/米元 | E55: =D55/C55 -> #DIV/0! | F55: =D55*B55 -> #VALUE! | G55: 0.59
A56: 0808710 | B56: 1.5/米元 | E56: =D56/C56 -> #DIV/0! | F56: =D56*B56 -> #VALUE! | G56: 1.5
A57: 0808711 | B57: 1.5/米元 | E57: =D57/C57 -> #DIV/0! | F57: =D57*B57 -> #VALUE! | G57: 1.5
A58: 0808712 | B58: 2/米元 | E58: =D58/C58 -> #DIV/0! | F58: =D58*B58 -> #VALUE! | G58: 2

Sheet 赛遨价格
A1: 米兰之窗产品清单（截止2023.03.30）
A2: 序号 | B2: 编号 | C2: 名称 | D2: 开模日期 | E2: 材质 | F2: 单价 （含税 含运费） | G2: 图示1 （ERP系统图） | H2: 图示2 | I2: 模具情况 | J2: 返模数量 | K2: 备注
A3: 1 | B3: SL-931 | C3: 76系列中梃导流盖 | D3: 43923 | E3: PA6 | F3: 0.3 | I3: 米兰之窗开模 | J3: 20万只
A4: 2 | B4: 0028801 | C4: 90系列中梃导流盖 | D4: 43923 | E4: PA6 | F4: 0.34 | I4: 米兰之窗开模 | J4: 20万只
A5: 3 | B5: 0028802 | C5: 90系列中梃装饰盖 | D5: 43923 | E5: PA6 | F5: 0.34 | I5: 米兰之窗开模 | J5: 20万只
A6: 4 | B6: 0028803 | C6: 90系列角码补偿件 | D6: 43923 | E6: PA6 | F6: 0.61 | I6: 米兰之窗开模 | J6: 20万只
A7: 5 | B7: ML0285004 | C7: 85中挺导流盖 | D7: 43948 | E7: PA6 | F7: 0.34 | I7: 米兰之窗开模 | J7: 20万只
A8: 6 | B8: ML0285003 | C8: 85固定扇角部平整片 | D8: 43948 | E8: PA6 | F8: 0.34 | I8: 米兰之窗开模 | J8: 20万只
A9: 7 | B9: ML0285002 | C9: 85开启扇角部平整片 | D9: 43948 | E9: PA6 | F9: 0.34 | I9: 米兰之窗开模 | J9: 20万只
A10: 8 | B10: ML0285001 | C10: 85框角部平整片 | D10: 43948 | E10: PA6 | F10: 0.45 | I10: 米兰之窗开模 | J10: 20万只
A11: 9 | B11: SL-945 | C11: 窗台板装饰盖 | D11: 43948 | E11: PA6 | F11: 1.27 | I11: 米兰之窗开模 | J11: 20万只
A12: 10 | B12: SL-963 | C12: 封边堵头 | D12: 43997 | E12: PA6 | F12: 0.41 | I12: 米兰之窗开模 | J12: 20万只
A13: 11 | B13: TW-637 | C13: 12角码导流盖 | D13: 44055 | E13: PA6 | F13: 0.19 | I13: 米兰之窗开模 | J13: 20万只
A14: 12 | B14: TW-638 | C14: 16角码导流盖 | D14: 44055 | E14: PA6 | F14: 0.16 | I14: 米兰之窗开模 | J14: 20万只（已返模）
... A53: 51 | B53: 0028804L/R | C53: 边扇堵头 | D53: 44776 | E53: PA6 | F53: 1.8 | I53: 米兰之窗开模 | J53: 20万只
A54: 52 | B54: 30mm | C54: 30排水孔盖 | E54: 硬质PVC+甲聚荃 | F54: 0.31 | I54: 赛遨现有产品 | J54: 无
A55: 53 | B55: 22002 | C55: 护角 | E55: PP | F55: 0.19 | I55: 赛遨现有产品 | J55: 无

Sheet 螺丝价格
A1: 山东米兰2022年报价单
A2: 序号 | B2: 品名 | C2: 规格 | D2: 材质 | E2: 单位 | F2: 产品报价/元 | G2: 产品报价/个
A3: 1 | B3: GB盘头不锈钢自攻钉 | C3: 4.8*45 | D3: 304 | E3: 千 | F3: 251.65 | G3: =F3/1000 -> 0.25165
A4: 2 | B4: GB沉头不锈钢自攻钉 | C4: 3.9*32 | D4: 304 | E4: 千 | F4: 106.91 | G4: =F4/1000 -> 0.10691
A5: 3 | B5: GB沉头不锈钢自攻钉 | C5: 4.8*70 | D5: 304 | E5: 千 | F5: 372.52 | G5: =F5/1000 -> 0.37252
A6: 4 | B6: 不锈钢沉头钻尾钉 | C6: 4.2*32 | D6: 410 | E6: 千 | F6: 87.3 | G6: =F6/1000 -> 0.0873
A7: 5 | B7: 不锈钢沉头钻尾钉 | C7: 4.8*38 | D7: 410 | E7: 千 | F7: 137.95 | G7: =F7/1000 -> 0.13795
A8: 6 | B8: GB盘头不锈钢自攻钉 | C8: 4.8*55 | D8: 304 | E8: 千 | F8: 286 | G8: =F8/1000 -> 0.286
A9: 7 | B9: GB盘头不锈钢自攻钉 | C9: 4.8*50 | D9: 304 | E9: 千 | F9: 235 | G9: =F9/1000 -> 0.235
A10: 8 | B10: GB盘头不锈钢自攻钉 | C10: 4.8*60 | D10: 304 | E10: 千 | F10: 273.3 | G10: =F10/1000 -> 0.2733
A11: 9 | B11: GB盘头不锈钢自攻钉 | C11: 4.8*70 | D11: 304 | E11: 千 | F11: 315 | G11: =F11/1000 -> 0.315
A12: 10 | B12: GB盘头不锈钢自攻钉 | C12: 4.8*80 全牙 | D12: 304 | E12: 千 | F12: 382.9 | G12: =F12/1000 -> 0.3829
A13: 11 | B13: GB盘头不锈钢自攻钉 | C13: 4.8*80 半牙 | D13: 304 | E13: 千 | F13: 382.9 | G13: =F13/1000 -> 0.3829
A14: 12 | B14: GB盘头不锈钢自攻钉 | C14: 4.8*38 | D14: 304 | E14: 千 | F14: 223.83 | G14: =F14/1000 -> 0.22383
... A41: 39 | B41: 不锈钢盘头钻尾钉 | C41: 4.2*19 | D41: 410 | E41: 千 | F41: 66.58 | G41: =F41/1000 -> 0.06658

Sheet 木材价格

Sheet 其他价格
A1: 名称 | B1: 单位 | C1: 单价
A2: 有色型材 | B2: 元/kg | C2: 25
A3: 基材 | B3: 元/kg | C3: 23.5
A4: 丝吉利娅明合页（不含执手） | B4: 元/套 | C4: 160
A5: 丝吉利娅明合页（含执手） | B5: 元/套 | C5: 201.4
A6: 丝吉利娅隐藏式（不含执手） | B6: 元/套 | C6: 185
A7: 一帆风顺执手 | B7: 元/套 | C7: 70
A8: 好博一帆风顺执手 | B8: 元/套 | C8: 30
A9: MILUX专属执手 | B9: 元/套 | C9: 36
A10: 外6+12+6+9+6 | B10: 元/m² | C10: 357
A11: 8G+18+6+1.52+6 | B11: 元/m² | C11: 398
A12: 黑色组角钢片 | B12: 元/个 | C12: 1.25
A13: 白色组角钢片 | B13: 元/个 | C13: 0.22
... A24: 销钉 | B24: 元/个 | C24: 0.1
